 Dungeon Crawl Stone Soup version 0.29.1-14-g9c671dbff4 (webtiles) character file.

Game seed: 17800331447618226536

273766 promet the Spear-Bearer (level 19, -7/199 HPs)
             Began as a Demonspawn Gladiator on Feb 15, 2023.
             Was a High Priest of Hepliaklqana.
             Mangled by Vv (58 damage)
             ... on level 3 of the Depths on Feb 16, 2023.
             The game lasted 08:21:26 (60139 turns).

promet the Spear-Bearer (Demonspawn Gladiator)     Turns: 60139, Time: 08:21:32

Health: -7/199     AC: 35    Str: 16    XL:     19   Next: 51%
Magic:  0/31       EV: 11    Int: 29    God:    Hepliaklqana [*****.]
Gold:   2353       SH: 11    Dex: 18    Spells: 24/34 levels left

rFire   + + +      SeeInvis +   K - +7 demon blade (drain)
rCold   . . .      Faith    .   F - +0 kite shield {rPois}
rNeg    + . .      Spirit   +   Z - +0 fire dragon scales
rPois   +          Reflect  .   j - +2 helmet
rElec   +          Harm     .   s - +2 cloak {Stlth+}
rCorr   +          Rampage  .   H - +1 pair of gloves
Will    ++...                   Y - +2 pair of boots
Stlth   ..........              I - amulet of Makhleb's Hope {Spirit Fly rPois Regen+ Int+10}
HPRegen 1.23/turn               D - ring of willpower
MPRegen 0.22/turn               o - ring of Yceisur {rN+ Int+6 SInv}

@: berserking (expiring), resistant, frozen, sanguine armoured, flying, unable
to read, unable to drink, quick
A: reduced essence, hooves 2, demonic guardian 2, icemail 2, sanguine armour 2,
condensation shield, inability to drink after injury 1, inability to read after
injury 1
}: 2/15 runes: decaying, serpentine
a: Renounce Religion, Recall Ancestor, Ancestor Identity, Transference, Idealise


You were on level 3 of the Depths.
You worshipped Hepliaklqana.
Hepliaklqana was extremely pleased with you.
You visited 6 branches of the dungeon, and saw 33 of its levels.
You also visited: Ossuary and Bailey.

You collected 4705 gold pieces.
You spent 2352 gold pieces at shops.

Inventory:

Hand Weapons
 a - a +0 triple sword of electrocution
 b - a +9 arbalest of venom
 d - the +4 rapier "Killer Klown's Bane" {vorpal, Dex+2}
   (You found it on level 9 of the Dungeon)

   It inflicts extra damage upon your enemies.
   Dex:       It affects your dexterity (+2).
 e - the +8 sling "Beetlebane" {flame, rElec rF+ Will+}
   (You found it on level 4 of the Dungeon)

   Any ammunition fired from it burns those it strikes, dealing additional fire
   damage.
   rF:        It protects you from fire.
   rElec:     It insulates you from electricity.
   Will:      It increases your willpower.
 g - the +8 trident of the Octopus King {venom, rElec rPois}
   (You found it on level 4 of the Dungeon)

   It poisons the flesh of those it strikes.
   rElec:     It insulates you from electricity.
   rPois:     It protects you from poison.
 p - a +5 spectral lajatang
 K - a +7 demon blade of draining (weapon)
Missiles
 L - 4 throwing nets
 P - 42 boomerangs
 T - 16 curare-tipped darts (quivered)
 U - 55 poisoned darts
 W - 11 datura-tipped darts
Armour
 j - a +2 helmet (worn)
 s - a +2 cloak of stealth (worn)
 F - a +0 kite shield of poison resistance (worn)
 H - a +1 pair of gloves (worn)
 V - the +12 chain mail of the Komodo Dragon {rCorr Str+3}
   (You found it in a bailey)

   Str:       It affects your strength (+3).
   rCorr:     It protects you from acid and corrosion.
 Y - a +2 pair of boots (worn)
 Z - +0 fire dragon scales (worn)
Jewellery
 c - an amulet of reflection
 o - the ring of Yceisur (right hand) {rN+ Int+6 SInv}
   (You acquired it on level 2 of the Orcish Mines)

   [ring of positive energy]

   Int:       It affects your intelligence (+6).
   rN:        It protects you from negative energy.
   SInv:      It lets you see invisible.
 z - a ring of protection from fire
 C - a +6 ring of dexterity
 D - a ring of willpower (left hand)
 E - the ring of Equilibrium {rCorr Int+2}
   (You found it on level 6 of the Dungeon)

   [ring of resist corrosion]

   Int:       It affects your intelligence (+2).
   rCorr:     It protects you from acid and corrosion.
 I - the amulet of Makhleb's Hope (around neck) {Spirit Fly rPois Regen+ Int+10}
   (You acquired it on level 1 of the Snake Pit)

   [amulet of guardian spirit]

   It causes incoming damage to be divided between your reserves of health and
   magic.
   Int:       It affects your intelligence (+10).
   rPois:     It protects you from poison.
   Fly:       It grants you flight.
   Regen:     It increases your rate of health regeneration.
 O - a +6 ring of dexterity
 S - an amulet of the acrobat
 X - a +4 ring of evasion
Wands
 h - a wand of quicksilver (24)
 l - a wand of mindburst (3)
 y - a wand of charming (20)
 J - a wand of digging (23)
 R - a wand of iceblast (26)
Scrolls
 f - a scroll of silence
 n - a scroll of summoning
 r - 18 scrolls of teleportation
 t - 6 scrolls of fear
 v - 3 scrolls of butterflies
 x - 3 scrolls of magic mapping
 M - 4 scrolls of poison
Potions
 k - 11 potions of curing
 q - 9 potions of lignification
 u - 4 potions of ambrosia
 w - 2 potions of cancellation
 A - a potion of berserk rage
 B - 2 potions of heal wounds
Miscellaneous
 m - a piece from Xom's chessboard (15/15)
 G - a condenser vane
 Q - a tin of tremorstones (1/2)


   Skills:
 - Level 12.8 Fighting
 - Level 1.4(6.6) Short Blades
 + Level 10.2(10.3) Long Blades
 - Level 1.7(9.5) Axes
 + Level 2.6(3.3) Maces & Flails
 - Level 14.2(14.3) Polearms
 + Level 1.9(9.6) Staves
 - Level 13.1 Ranged Weapons
 - Level 3.6 Throwing
 - Level 13.5 Armour
 + Level 7.1 Dodging
 - Level 8.2 Stealth
 + Level 7.3 Shields
 + Level 8.0 Spellcasting
 - Level 7.3 Conjurations
 - Level 5.1 Fire Magic
 - Level 8.2 Invocations
 - Level 7.1 Evocations


You had 24 spell levels left.
You knew the following spells:

 Your Spells              Type           Power      Damage    Failure   Level
a - Foxfire               Conj/Fire      100%       2x1d9     2%          1
b - Stone Arrow           Conj/Erth      66%        3d11      24%         3
c - Flame Wave            Conj/Fire      47%        2d12      28%         4
d - Static Discharge      Conj/Air       33%        3-8/arc   12%         2

Your spell library contained the following spells:

 Spells                   Type           Power      Damage    Failure   Level
 Shock                    Conj/Air       100%       1d9       9%          1
 Sticky Flame             Conj/Fire      47%        2d6       28%         4
 Apportation              Tloc           22%        N/A       36%         1
 Necrotise                Necr           44%        1d6       36%         1
 Slow                     Hex            44%        N/A       36%         1
 Summon Small Mammal      Summ           44%        N/A       36%         1
 Blink                    Tloc           22%        N/A       50%         2
 Ensorcelled Hibernation  Hex/Ice        22%        N/A       50%         2
 Sublimation of Blood     Necr           11%        N/A       50%         2
 Wereblood                Tmut           11%        N/A       50%         2
 Fireball                 Conj/Fire      23%        3d11      61%         5
 Confusing Touch          Hex            11%        N/A       73%         3
 Lesser Beckoning         Tloc           11%        N/A       73%         3
 Portal Projectile        Hex/Tloc       22%        N/A       73%         3
 Spider Form              Tmut/Pois      11%        N/A       73%         3
 Swiftness                Air            11%        N/A       73%         3
 Tukima's Dance           Hex            11%        N/A       73%         3
 Vampiric Draining        Necr           11%        2d6       73%         3
 Airstrike                Air            5%         2d(1-17)  98%         4
 Anguish                  Hex/Necr       5%         N/A       98%         4
 Animate Armour           Summ/Erth      22%        N/A       98%         4
 Animate Dead             Necr           11%        N/A       98%         4
 Dispel Undead            Necr           11%        3d9       98%         4
 Passage of Golubria      Tloc           11%        N/A       98%         4
 Starburst                Conj/Fire      23%        6d8       99%         6
 Alistair's Intoxication  Tmut/Pois      7%         N/A       100%        5
 Blade Hands              Tmut           5%         N/A       100%        5
 Borgnjor's Vile Clutch   Necr/Erth      5%         N/A       100%        5
 Manifold Assault         Tloc           11%        N/A       100%        5
 Silence                  Hex/Air        5%         N/A       100%        5
 Eringya's Noxious Bog    Tmut/Pois      5%         N/A       100%        6
 Enfeeble                 Hex            5%         N/A       100%        7
 Haunt                    Necr/Summ      5%         N/A       100%        7
 Storm Form               Tmut/Air       5%         N/A       100%        7
 Summon Hydra             Summ           5%         N/A       100%        7
 Infestation              Necr           5%         N/A       100%        8
 Lehudib's Crystal Spear  Conj/Erth      16%        10d5      100%        8


Dungeon Overview and Level Annotations

Branches:
Dungeon (15/15)            Temple (0/1) D:7            Lair (5/5) D:9
  Swamp (4/4) Lair:3        Snake (4/4) Lair:2        Slime (0/5) Lair:5
    Orc (2/2) D:12            Elf (0/3) Orc:2        Vaults (0/5) D:14
 Depths (3/4) D:15        Ossuary (visited)          Bailey (visited)

Altars:
Ashenzari
Fedhas
Gozag
Hepliaklqana
Kikubaaqudgha
Makhleb
Nemelex Xobeh
Okawaru
Qazlal
Ru
Trog
Uskayaw
Wu Jian
Xom

Shops:
D:7 ?   D:8 (   D:15 (   Orc:2 !*=*   Snake:1 ((?[

Portals:
Hell: Lair:5 Depths:1 Depths:2
Abyss: Depths:1
Pandemonium: Depths:2
Ziggurat: Depths:1

Annotations:
D:12 3 runed translucent doors, tizbic2's ghost, journeyman OgAr
D:13 4 transporters
Lair:3 3 runed translucent doors, Goybrar's ghost, journeyman SpHu
Lair:5 1 runed translucent door
Snake:2 1 runed translucent door
Depths:2 1 runed translucent door, Gemnonof's ghost, adept DgCj
Depths:3 Vv


Innate Abilities, Weirdness & Mutations

Your life essence is reduced to manifest your ancestor. (-10% HP)
You have hoof-like feet.
A demonic guardian rushes to your aid.
A meltable icy envelope protects you from harm. (AC +0)
When seriously injured, your blood forms thick armour. (AC +9)
A meltable shield of frost defends you. (SH +0)
You occasionally lose the ability to drink potions when taking damage.
You occasionally lose the ability to read scrolls when taking damage.


Message History

You completely miss Vv.
Vv is moderately damaged.
Vv hits you but does no damage. Vv closely misses you.
Kel casts a spell at Vv.
The bolt of magma hits Vv!!
Vv partially resists.
You hit Vv but do no damage.
Vv is moderately damaged.
Kel hits Vv with a +0 lajatang of freezing!
Kel freezes Vv.
You block Vv's attack. Vv hits you but does no damage.
You hit Vv but do no damage.
Vv is moderately damaged.
Kel misses Vv.
You barely miss Vv.
Vv is moderately damaged.
The ice encasing you melts away. Vv hits you but does no damage.
You block Vv's attack.
Kel hits Vv with a +0 lajatang of freezing!!
Kel freezes Vv.
You hit Vv.
Vv is heavily damaged.
Kel loses the glow of perfection.
Kel hits Vv with a +0 lajatang of freezing!!
Kel freezes Vv.
Vv calls freezing cold from the walls.
The frost grips you!!
You are encased in ice.
The frost grips Kel!!
Kel partially resists.
You slash Vv!
Vv is severely damaged.
Kel gestures at Vv while chanting.
The stone arrow hits Vv!!
You slash Vv!
Vv is severely damaged.
Vv hits you!
* * * LOW HITPOINT WARNING * * *
Vv freezes you!!!
You feel threatened and lose the ability to read scrolls!
You feel threatened and lose the ability to drink potions!
You die...

###### #....# #.##.# ###########
######## #.##.#####.........#
#.......
#..<.......#######.###.......
###.##..^....#####...........
#.........'...............
#######.......9@#.#######.#.....
#............<#R.#...........###
#.######.#....#.....#####...##
#..[[.......#....#.#.# ##.##
#####†.[......#.....#.# #..+
###.#####.......§#.# ..## #...
...#..#'#....'###
#.###..#####.......# #.# ##'
..........


You could see the friendly Kel the battlemage (fast) and Vv (ally target).

Vanquished Creatures
  Mara (Snake:4)
  A tentacled monstrosity (Depths:2)
  Rupert (D:12)
  Asterion (Snake:1)
  Agnes (D:14)
  A sphinx (Depths:1)
  Gastronok (Lair:2)
  2 nagarajas (Snake:4)
  An iron dragon (Depths:1)
  2 fire giants
  A balrug (Depths:1)
  2 stone giants
  Nessos (D:14)
  3 spark wasps (Depths:2)
  An eleionoma (Swamp:2)
  6 bunyips
  A fire dragon (Depths:1)
  19 hydras
  2 ice dragons
  A salamander tyrant (Snake:3)
  2 boulder beetles (D:15)
  A spriggan air mage (Depths:2)
  8 naga warriors
  2 anacondas
  7 two-headed ogres
  5 alligators
  5 centaur warriors
  A ghost crab (Swamp:4)
  3 deep troll shamans
  4 deep troll earth magi
  2 tengu warriors (D:14)
  13 naga sharpshooters
  8 shock serpents
  Urug (D:13)
  2 iron trolls
  A spriggan (Swamp:3)
  A sun demon (Lair:5)
  5 goliath frogs
  A death drake (Swamp:3)
  3 skeletal warriors (D:15)
  4 salamander mystics
  Lodul (D:11)
  3 sea snakes (Snake:2)
  A quicksilver dragon simulacrum (Depths:1)
  A spriggan druid (Swamp:4)
  3 bog bodies
  A flayed ghost (D:15)
  10 deep trolls
  3 naga ritualists (Snake:3)
  7 swamp dragons (Swamp:4)
  An orc knight (D:15)
  4 ugly things
  2 will-o-the-wisps
  A deep elf pyromancer (D:14)
  An oklob plant (Lair:1)
  13 mana vipers
  4 cyclopes
  16 salamanders
  7 elephants
  A manticore (D:12)
  A centaur zombie (D:10)
  A guardian serpent (Snake:3)
  The ghost of hbarley the Covered, a novice HOFi of Hepliaklqana (D:5)
  The ghost of leafyfresh the Covert, a novice GnDe (D:5)
  A stone giant skeleton (D:15)
  13 naga magi
  25 black mambas
  2 orange demons (Lair:5)
  11 cane toads
  6 rime drakes
  A kobold demonologist (D:12)
  5 komodo dragons
  An ice devil (Lair:5)
  A tengu conjurer (D:14)
  A troll (shapeshifter) (D:14)
  A tyrant leech (Swamp:2)
  3 polar bears
  6 trolls
  4 slime creatures
  A bloated husk (Swamp:1)
  3 hornets (Swamp:3)
  9 blink frogs
  Grinder (D:4)
  A water elemental (Depths:1)
  2 wyverns
  25 yaks
  4 basilisks
  5 wraiths
  A redback (shapeshifter) (Depths:1)
  2 vampire mosquitoes (D:10)
  A warg (D:15)
  An acid dragon (D:12)
  7 swamp worms
  20 nagas
  7 water moccasins
  A floating eye (Depths:2)
  4 hell hounds (Lair:5)
  An ice beast (D:7)
  A glowing shapeshifter skeleton (D:15)
  4 swamp drakes
  13 orc warriors
  2 black bears
  15 wolves
  16 ogres
  6 boggarts
  5 centaurs
  A phantom (D:5)
  4 kobold brigands
  6 bullfrogs
  2 elf zombies (Ossuary)
  5 scorpions
  3 wights
  5 killer bees
  A howler monkey (D:14)
  6 orc priests
  2 hounds
  4 human zombies
  A jelly (D:6)
  A gnoll bouda (D:6)
  Natasha (D:3)
  4 iguanas
  11 orc wizards
  3 mummies
  Robin (D:2)
  3 gnolls (D:6)
  6 adders
  2 shadow imps
  5 white imps
  An adder zombie (Ossuary)
  A worm (D:5)
  The ghost of leafyfresh the Covert, a weakling GnDe (D:5)
  4 dart slugs
  40 orcs
  7 ball pythons
  6 bats
  5 endoplasms
  3 giant cockroaches
  14 goblins
  5 hobgoblins
  7 quokkas
  3 training dummies (D:8)
  3 frilled lizards
  A goblin zombie (Ossuary)
  11 hobgoblin zombies (Ossuary)
  3 jackal zombies (Ossuary)
  9 kobolds
  8 kobold zombies (Ossuary)
  7 orc zombies (Ossuary)
  4 rats
671 creatures vanquished.

Vanquished Creatures (collateral kills)
  Boris (Depths:3)
  Frances (D:12)
  3 sphinxes
  An Executioner (Depths:2)
  3 nagarajas (Snake:4)
  A fenstrider witch (Swamp:3)
  2 fire giants
  Aizul (Snake:1)
  A frost giant (Depths:1)
  An orc warlord (Orc:1)
  A very ugly thing (Depths:2)
  A vampire knight (D:15)
  3 stone giants
  2 eleionomae
  A bunyip (Swamp:4)
  2 spark wasps (Depths:2)
  A green death (Depths:2)
  2 shambling mangroves (Swamp:4)
  Josephine (D:12)
  4 fire dragons
  4 salamander tyrants
  4 rakshasas
  2 spriggan air magi (Depths:2)
  2 ogre magi (Orc:2)
  4 ice dragons
  A hell beast (Depths:1)
  6 hydras
  8 two-headed ogres
  2 alligators
  A deep troll shaman (Depths:1)
  8 anacondas
  7 naga warriors
  3 tengu warriors
  A vampire mage (Depths:1)
  4 deep troll earth magi
  A death yak (D:9)
  2 naga sharpshooters (Snake:4)
  3 shock serpents
  Nergalle (D:12)
  A soul eater (Depths:1)
  4 iron trolls
  7 salamander mystics
  2 skeletal warriors (D:15)
  3 swamp dragons (Swamp:4)
  3 spriggan druids
  9 deep trolls
  A sea snake (Snake:2)
  3 wizards
  4 naga ritualists
  2 glowing orange brains
  2 orc knights (Bailey)
  4 bog bodies
  A necromancer (D:15)
  3 mana vipers
  An orc sorcerer (Orc:2)
  A deep elf pyromancer (D:15)
  5 will-o-the-wisps
  6 ugly things
  7 salamanders
  2 cyclopes (D:15)
  A manticore (D:12)
  A guardian serpent (Snake:2)
  4 elephants
  11 naga magi
  20 black mambas
  An orange demon (Lair:5)
  5 cane toads
  A gargoyle (D:14)
  4 komodo dragons
  A kobold demonologist (D:14)
  An unseen horror zombie (D:10)
  2 ice devils
  2 rime drakes
  A freezing wraith (D:15)
  A tengu conjurer (D:14)
  3 trolls
  A guardian mummy (D:15)
  A hellwing (Depths:2)
  7 tyrant leeches
  A hornet (Swamp:3)
  2 polar bears
  4 blink frogs (Lair:4)
  3 slime creatures
  A spriggan zombie (D:15)
  5 spriggans
  A shadow (D:11)
  4 wyverns
  7 water elementals
  4 wraiths
  16 yaks
  7 basilisks
  Grum (D:10)
  A steam dragon (Lair:2)
  9 vampire mosquitoes
  2 chaos spawn (Depths:2)
  24 nagas
  9 swamp worms
  2 wargs
  8 water moccasins
  4 swamp drakes
  3 hell hounds (Lair:5)
  7 orc warriors
  A boggart (D:15)
  17 wolves
  14 ogres
  2 centaurs
  2 phantoms
  4 kobold brigands (Bailey)
  6 bullfrogs
  2 necrophages (D:10)
  11 wights
  7 killer bees
  A howler monkey (D:14)
  3 centaur zombies (D:10)
  A human zombie (D:10)
  4 orc priests
  7 orc wizards
  3 iguanas
  A mummy (D:10)
  2 gnolls
  An adder (D:5)
  2 shadow imps (D:7)
  30 orcs
  4 goblins
  A hobgoblin (D:2)
  11 kobolds
  3 foxfires (Lair:5)
501 creatures vanquished.

Vanquished Creatures (others)
  A bloated husk (Swamp:3)
  60 battlemagi
  3 ancestors (D:5)
  383 foxfires
  18 fungi
  28 plants
  6 withered plants (D:15)
499 creatures vanquished.

Grand Total: 1671 creatures vanquished

Notes
Turn   | Place    | Note
-------+----------+-------------------------------------------
     0 | D:1      | promet the Demonspawn Gladiator began the quest for the
                  | Orb.
     0 | D:1      | Reached XP level 1. HP: 16/16 MP: 1/1
   553 | D:1      | Got the Atlas of the Arsonist
   614 | D:1      | Gained mutation: A weak demonic guardian rushes to your
                  | aid. [demonic ancestry]
   614 | D:1      | Reached XP level 2. HP: 22/22 MP: 2/2
   903 | D:1      | Learned a level 1 spell: Foxfire
  1135 | D:1      | Found a faded altar of an unknown god.
  1535 | D:2      | Reached skill level 1 in Armour
  1539 | D:2      | Gained mutation: When seriously injured, your blood forms
                  | armour. (AC +9) [demonic ancestry]
  1539 | D:2      | Reached XP level 3. HP: 23/27 MP: 1/3
  1547 | D:2      | Noticed Robin
  1571 | D:2      | Reached skill level 3 in Polearms
  1577 | D:2      | Killed Robin
  1842 | D:2      | Identified the +1 leather armour "Vehyuc" {+Blink rElec rN+
                  | Str-3}
  2163 | D:2      | Gained mutation: A meltable shield of frost defends you.
                  | (SH +0) [demonic ancestry]
  2163 | D:2      | Reached XP level 4. HP: 33/33 MP: 1/4
  2583 | D:2      | You fall into a shaft and drop 2 floors!
  2960 | D:3      | Reached skill level 1 in Conjurations
  3370 | D:3      | Noticed Natasha
  3381 | D:3      | Killed Natasha
  3382 | D:3      | Reached skill level 1 in Spellcasting
  3610 | D:3      | Reached XP level 5. HP: 39/39 MP: 6/6
  3753 | D:3      | Found a blossoming altar of Fedhas.
  4291 | D:4      | Found the +8 trident of the Octopus King {venom, rElec
                  | rPois}
  4322 | D:4      | Noticed Grinder
  4344 | D:4      | Killed Grinder
  4345 | D:4      | Reached skill level 1 in Axes
  4345 | D:4      | Reached XP level 6. HP: 17/46 MP: 7/7
  4617 | D:4      | Found a hazy altar of Hepliaklqana.
  4617 | D:4      | Identified the +0 glaive "Sudiorgh" {holy, Drain rN+++
                  | Str+3 SInv}
  4645 | D:4      | Identified the +8 sling "Beetlebane" {flame, rElec rF+
                  | Will+}
  4718 | D:4      | Found an opulent altar of Gozag.
  4719 | D:4      | Found an ornate altar of the Wu Jian Council.
  4719 | D:4      | Found a bloodstained altar of Trog.
  4727 | D:4      | Became a worshipper of Hepliaklqana the Forgotten
  4917 | D:4      | Found a sparkling altar of Nemelex Xobeh.
  5244 | D:5      | Entered Level 5 of the Dungeon
  5294 | D:5      | Found a sand-covered staircase.
  5301 | Ossuary  | Entered an ossuary
  5786 | Ossuary  | Reached skill level 4 in Polearms
  5791 | Ossuary  | Reached skill level 1 in Ranged Weapons
  6217 | Ossuary  | Reached XP level 7. HP: 51/51 MP: 8/8
  6451 | D:5      | Reached * piety under Hepliaklqana
  6778 | D:5      | Reached XP level 8. HP: 44/52 MP: 9/9
  6999 | D:5      | Found a runed translucent gate.
  6999 | D:5      | Found a runed translucent gate.
  6999 | D:5      | Found a runed translucent gate.
  7003 | D:5      | Noticed hbarley's ghost (novice HOFi)
  7003 | D:5      | Noticed leafyfresh's ghost (novice GnDe)
  7004 | D:5      | Noticed leafyfresh's ghost (weakling GnDe)
  7129 | D:5      | Reached skill level 1 in Fire Magic
  7201 | D:5      | Reached skill level 5 in Polearms
  7960 | D:6      | Found a burning altar of Makhleb.
  8118 | D:6      | Reached skill level 1 in Stealth
  8119 | D:6      | Reached ** piety under Hepliaklqana
  8120 | D:6      | Remembered your ancestor Kel as a battlemage
  8489 | D:6      | Identified the ring of Equilibrium {rCorr Int+2}
  8584 | D:7      | Reached XP level 9. HP: 43/57 MP: 12/12
  8682 | D:7      | Found Kenkug's Magic Scroll Emporium.
  8685 | D:7      | Bought a scroll of summoning for 133 gold pieces
  8685 | D:7      | Bought a scroll of poison for 56 gold pieces
  9055 | D:7      | Found a staircase to the Ecumenical Temple.
  9721 | D:8      | Reached skill level 6 in Polearms
  9721 | D:8      | Reached skill level 1 in Evocations
  9726 | D:8      | Reached skill level 1 in Shields
  9965 | D:8      | Reached *** piety under Hepliaklqana
 10016 | D:8      | Reached skill level 5 in Conjurations
 10016 | D:8      | Reached skill level 1 in Invocations
 10359 | D:8      | Found Giyfremp's Firing Range.
 10504 | D:8      | Bought 5 boomerangs for 30 gold pieces
 10504 | D:8      | Bought 2 boomerangs for 12 gold pieces
 10952 | D:9      | Reached XP level 10. HP: 65/65 MP: 12/14
 11177 | D:9      | Found a staircase to the Lair.
 11196 | D:9      | Identified the +4 rapier "Killer Klown's Bane" {vorpal,
                  | Dex+2}
 11246 | D:9      | Reached skill level 5 in Fighting
 11538 | D:9      | Found a snail-covered altar of Cheibriados.
 11541 | D:9      | Found a hide-covered altar of Uskayaw.
 11541 | D:9      | Found a shimmering altar of Xom.
 11543 | D:9      | Found a stormy altar of Qazlal.
 11543 | D:9      | Found a shimmering altar of Xom.
 11543 | D:9      | Found an ancient bone altar of Kikubaaqudgha.
 11612 | D:9      | Noticed a death yak
 11623 | D:9      | Killed a death yak
 11624 | D:9      | Reached skill level 7 in Polearms
 11624 | D:9      | Reached skill level 5 in Ranged Weapons
 11624 | D:9      | Reached skill level 5 in Armour
 11624 | D:9      | Reached skill level 5 in Invocations
 11870 | D:10     | Entered Level 10 of the Dungeon
 12071 | D:10     | Found a flagged portal.
 12133 | Bailey   | Entered a bailey
 12388 | Bailey   | Identified the +12 chain mail of the Komodo Dragon {rCorr
                  | Str+3}
 12418 | Bailey   | Noticed an orc knight
 12424 | Bailey   | Noticed an orc knight
 12432 | Bailey   | Found an iron altar of Okawaru.
 12440 | Bailey   | Killed an orc knight
 12441 | Bailey   | Gained mutation: You have large cloven feet. [demonic
                  | ancestry]
 12441 | Bailey   | Reached XP level 11. HP: 72/72 MP: 16/16
 12451 | Bailey   | Killed an orc knight
 12527 | D:10     | Found a broken altar of Ashenzari.
 12528 | D:10     | Noticed Grum
 12543 | D:10     | Killed Grum
 12793 | D:10     | Reached **** piety under Hepliaklqana
 12843 | D:10     | Reached skill level 1 in Short Blades
 13685 | D:10     | Found an ancient bone altar of Kikubaaqudgha.
 13711 | D:10     | Reached skill level 8 in Polearms
 13961 | Lair:1   | Entered Level 1 of the Lair of Beasts
 14009 | Lair:1   | Noticed an oklob plant
 14018 | Lair:1   | Killed an oklob plant
 14375 | Lair:1   | Reached XP level 12. HP: 79/80 MP: 17/17
 14644 | Lair:1   | Noticed an eight-headed hydra
 14652 | Lair:1   | Reached skill level 9 in Polearms
 14660 | Lair:1   | Killed an eight-headed hydra
 15218 | Lair:2   | Noticed a four-headed hydra
 15221 | Lair:2   | Noticed Gastronok
 15227 | Lair:2   | Killed a four-headed hydra
 15248 | Lair:2   | Killed Gastronok
 15287 | Lair:2   | Found a staircase to the Snake Pit.
 15375 | Lair:2   | Found a stormy altar of Qazlal.
 15422 | Lair:2   | Reached skill level 10 in Polearms
 15707 | Lair:2   | Noticed a six-headed hydra
 15721 | Lair:2   | Killed a six-headed hydra
 16111 | Lair:3   | Reached ***** piety under Hepliaklqana
 16282 | Lair:3   | Found a staircase to the Swamp.
 16307 | Lair:3   | Reached XP level 13. HP: 88/88 MP: 17/19
 16441 | Lair:3   | Found a runed translucent gate.
 16442 | Lair:3   | Found a runed translucent gate.
 16443 | Lair:3   | Found a runed translucent gate.
 16443 | Lair:3   | Noticed Goybrar's ghost (journeyman SpHu)
 17167 | Lair:4   | Reached skill level 5 in Stealth
 17427 | Lair:4   | Reached skill level 5 in Dodging
 18198 | Lair:5   | Entered Level 5 of the Lair of Beasts
 18213 | Lair:5   | Reached skill level 11 in Polearms
 18576 | Lair:5   | Found a runed translucent door.
 18576 | Lair:5   | Found a staircase to the Slime Pits.
 18727 | Lair:5   | Found a frozen archway.
 18853 | Lair:5   | Gained mutation: You occasionally lose the ability to read
                  | scrolls when taking damage. [potion of mutation]
 18853 | Lair:5   | Gained mutation: You passively map a small area around you.
                  | [potion of mutation]
 18853 | Lair:5   | Gained mutation: You are frail. (-10% HP) [potion of
                  | mutation]
 18853 | Lair:5   | Gained mutation: Your movements are slightly less
                  | encumbered by armour. (ER -2) [potion of mutation]
 19020 | D:5      | Killed leafyfresh's ghost
 19022 | D:5      | Killed hbarley's ghost
 19026 | D:5      | Killed leafyfresh's ghost
 19040 | D:5      | Lost mutation: You passively map a small area around you.
                  | [potion of mutation]
 19040 | D:5      | Lost mutation: You are frail. (-10% HP) [potion of
                  | mutation]
 19040 | D:5      | Lost mutation: Your movements are slightly less encumbered
                  | by armour. (ER -2) [potion of mutation]
 19040 | D:5      | Gained mutation: You are weak. (Str -2) [potion of
                  | mutation]
 19040 | D:5      | Gained mutation: You have a pair of small horns on your
                  | head. [potion of mutation]
 19041 | D:5      | Lost mutation: You have a pair of small horns on your head.
                  | [potion of mutation]
 19041 | D:5      | Lost mutation: You are weak. (Str -2) [potion of mutation]
 19041 | D:5      | Gained mutation: You have an increased reservoir of magic.
                  | (+10% MP) [potion of mutation]
 19683 | Lair:4   | Gained mutation: A meltable icy envelope protects you from
                  | harm. (AC +0) [demonic ancestry]
 19683 | Lair:4   | Reached XP level 14. HP: 72/95 MP: 22/22
 19955 | Lair:5   | Lost mutation: You have an increased reservoir of magic.
                  | (+10% MP) [potion of mutation]
 19955 | Lair:5   | Lost mutation: You occasionally lose the ability to read
                  | scrolls when taking damage. [potion of mutation]
 19955 | Lair:5   | Gained mutation: You occasionally lose the ability to read
                  | scrolls when taking damage. [potion of mutation]
 19955 | Lair:5   | Gained mutation: You sometimes lose the ability to read
                  | scrolls when taking damage. [potion of mutation]
 19955 | Lair:5   | Gained mutation: You are resistant to electric shocks.
                  | (rElec) [potion of mutation]
 20446 | Lair:5   | Found a burning altar of Makhleb.
 20458 | Lair:5   | Found a gateway to Hell.
 21177 | D:11     | Noticed Lodul
 21190 | D:11     | Killed Lodul
 22175 | D:12     | Noticed Frances
 22188 | D:12     | Killed Frances
 22329 | D:12     | Reached ****** piety under Hepliaklqana
 22399 | D:12     | Noticed Josephine
 22408 | D:12     | Killed Josephine
 22447 | D:12     | Reached skill level 10 in Ranged Weapons
 22463 | D:12     | Found a runed translucent gate.
 22463 | D:12     | Found a runed translucent gate.
 22463 | D:12     | Found a runed translucent gate.
 22484 | D:12     | Noticed Rupert
 22498 | D:12     | Killed Rupert
 22629 | D:12     | Noticed Nergalle
 22635 | D:12     | Killed Nergalle
 22636 | D:12     | Reached skill level 12 in Polearms
 22817 | D:12     | Found a staircase to the Orcish Mines.
 23364 | D:12     | Noticed tizbic2's ghost (journeyman OgAr)
 23484 | Orc:1    | Entered Level 1 of the Orcish Mines
 23823 | Orc:2    | Entered Level 2 of the Orcish Mines
 23876 | Orc:2    | Found a staircase to the Elven Halls.
 23934 | Orc:2    | Found an iron altar of Okawaru.
 23940 | Orc:2    | Paralysed by an orc sorcerer for 2 turns
 23995 | Orc:2    | Found Vusk's Distillery.
 24313 | Orc:2    | Reached skill level 5 in Evocations
 24467 | Orc:2    | Gained mutation: You have hoof-like feet. [demonic
                  | ancestry]
 24467 | Orc:2    | Reached XP level 15. HP: 103/103 MP: 22/22
 24491 | Orc:2    | Found Gugigut's General Store.
 24498 | Orc:2    | Found Getuisypt's Jewellery Emporium.
 24503 | Orc:2    | Found Oxzieqin's General Store.
 24534 | Orc:2    | Bought a scroll of poison for 48 gold pieces
 24543 | Orc:2    | Bought a ring of willpower for 325 gold pieces
 24558 | Orc:2    | Bought a potion of resistance for 140 gold pieces
 24572 | Orc:2    | Bought a scroll of acquirement for 728 gold pieces
 24576 | Orc:2    | Acquired the ring of Yceisur {rN+ Int+6 SInv}
 24971 | Orc:1    | Noticed an orc warlord
 24980 | Orc:1    | Killed an orc warlord
 25753 | D:13     | Found a transporter.
 25755 | D:13     | Found a transporter.
 25876 | D:13     | Lost mutation: You are resistant to electric shocks.
                  | (rElec) [potion of mutation]
 25876 | D:13     | Lost mutation: You sometimes lose the ability to read
                  | scrolls when taking damage. [potion of mutation]
 25876 | D:13     | Gained mutation: You possess an exceptional clarity of
                  | mind. [potion of mutation]
 25876 | D:13     | Gained mutation: You have hooves in place of feet. [potion
                  | of mutation]
 25930 | D:13     | Noticed Urug
 25973 | D:13     | Killed Urug
 26195 | D:13     | Found a transporter.
 26344 | D:13     | Found a transporter.
 27367 | D:14     | Reached skill level 5 in Shields
 27437 | D:14     | Reached skill level 1 in Maces & Flails
 27505 | D:14     | Noticed Agnes
 27515 | D:14     | Killed Agnes
 27516 | D:14     | Reached skill level 10 in Fighting
 27625 | D:14     | Noticed Nessos
 27646 | D:14     | Killed Nessos
 28228 | D:14     | Found a gate to the Vaults.
 28618 | D:15     | Entered Level 15 of the Dungeon
 28799 | D:15     | Found Goloj's Weapon Shoppe.
 29156 | D:15     | Found a staircase to the Depths.
 30382 | Swamp:1  | Entered Level 1 of the Swamp
 30695 | Swamp:1  | Reached skill level 13 in Polearms
 30730 | Swamp:1  | Reached skill level 10 in Armour
 31350 | Swamp:1  | Reached XP level 16. HP: 95/110 MP: 23/23
 31692 | Swamp:1  | Reached skill level 5 in Spellcasting
 32181 | Swamp:2  | Lost mutation: You possess an exceptional clarity of mind.
                  | [potion of mutation]
 32181 | Swamp:2  | Lost mutation: You have hooves in place of feet. [potion of
                  | mutation]
 32181 | Swamp:2  | Gained mutation: You occasionally lose the ability to drink
                  | potions when taking damage. [potion of mutation]
 35561 | Swamp:3  | Reached skill level 1 in Long Blades
 36043 | Swamp:4  | Entered Level 4 of the Swamp
 39423 | Swamp:4  | Got a decaying rune of Zot
 39610 | Snake:1  | Entered Level 1 of the Snake Pit
 39616 | Snake:1  | Acquired the amulet of Makhleb's Hope {Spirit Fly rPois
                  | Regen+ Int+10}
 39642 | Snake:1  | Learned a level 3 spell: Stone Arrow
 39647 | Snake:1  | Learned a level 4 spell: Flame Wave
 39914 | Snake:1  | Noticed Aizul
 40016 | Snake:1  | Found Kiup's Magic Scroll Shop.
 40024 | Snake:1  | Killed Aizul
 40095 | Snake:1  | Found Mit Fuo's Armour Shop.
 40095 | Snake:1  | Found Loguat's Antique Weapon Boutique.
 40156 | Snake:1  | Found Siurhe's Weapon Boutique.
 40567 | Snake:1  | Reached skill level 5 in Fire Magic
 40567 | Snake:1  | Gained mutation: A demonic guardian rushes to your aid.
                  | [demonic ancestry]
 40567 | Snake:1  | Reached XP level 17. HP: 90/117 MP: 18/25
 40906 | Snake:1  | Reached skill level 1 in Staves
 41270 | Snake:1  | Bought a +0 cloak of stealth for 184 gold pieces
 41820 | Snake:1  | Noticed Asterion
 41832 | Snake:1  | Killed Asterion
 42001 | Snake:1  | Bought a scroll of blinking for 105 gold pieces
 42001 | Snake:1  | Bought a scroll of summoning for 133 gold pieces
 42001 | Snake:1  | Bought a scroll of silence for 133 gold pieces
 44769 | Snake:2  | Found a runed translucent door.
 45810 | Snake:3  | Reached skill level 14 in Polearms
 48540 | Snake:3  | Gained mutation: A meltable icy envelope protects you from
                  | harm. (AC +0) [demonic ancestry]
 48540 | Snake:3  | Reached XP level 18. HP: 126/126 MP: 29/29
 48896 | Snake:4  | Entered Level 4 of the Snake Pit
 48916 | Snake:4  | Noticed Mara
 48932 | Snake:4  | Noticed promet's illusion
 48932 | Snake:4  | Killed Mara
 52399 | Snake:4  | Got a serpentine rune of Zot
 52768 | Depths:1 | Entered Level 1 of the Depths
 52789 | Depths:1 | Reached skill level 5 in Long Blades
 54355 | Orc:2    | Bought a ring of protection from fire for 325 gold pieces
 54698 | Depths:1 | Found a one-way gateway to a ziggurat.
 54746 | Depths:1 | Found an ornate altar of the Wu Jian Council.
 54800 | Depths:1 | Found a one-way gate to the infinite horrors of the Abyss.
 55689 | Depths:2 | Paralysed by a floating eye for 2 turns
 55869 | Depths:2 | Gained mutation: When seriously injured, your blood forms
                  | thick armour. (AC +9) [demonic ancestry]
 55869 | Depths:2 | Reached XP level 19. HP: 133/133 MP: 30/30
 58360 | Depths:2 | Found a runed translucent door.
 58360 | Depths:2 | Noticed Gemnonof's ghost (adept DgCj)
 58517 | Depths:2 | Found a sacrificial altar of Ru.
 59107 | Depths:2 | Found a one-way gate leading to the halls of Pandemonium.
 59229 | Depths:2 | Reached skill level 10 in Long Blades
 59846 | Depths:3 | Noticed Boris
 59856 | Depths:3 | Killed Boris
 59963 | Depths:3 | Learned a level 2 spell: Static Discharge
 60089 | Depths:3 | Noticed Vv
 60139 | Depths:3 | Mangled by Vv

Illustrated notes

Levels and vault maps discovered:
D:1:      matt_arrival_grand_opening, layout_loops_ring,
          dreamdust_ecumenical_altar_hidden_monk_grotto
D:2:      minmay_alternating_diamond, layout_basic, uniq_crazy_yiuf_cottage,
          uniq_robin, uniq_sigmund
D:3:      layout_loops_ring, fedhas_altar_4, uniq_natasha
D:4:      layout_basic, chequers_temple_overflow_statue_of_worship,
          nemelex_dance_club_becter, serial_rivers,
          chequers_serial_rivers_small_b, chequers_serial_rivers_marsh,
          chequers_serial_rivers_small_a, chequers_serial_rivers_room_a,
          uniq_grinder
D:5:      minmay_opposing_rooms, layout_loops_ring,
          nicolae_ossuary_entry_monument, gammafunk_ghost_cemetery, minivault_27
D:6:      layout_cave_pods, bloody_makhleb, feat_on_display
D:7:      layout_loops_ring, minmay_temple_entry_drinking_statues, serial_shops,
          kennysheep_mini_moat
D:8:      layout_rooms, nicolae_two_hexagons, nicolae_shop_firing_range
D:9:      layout_long_grid, nicolae_tso_carved_into_rock, doesnt_xom_only_xom,
          david_lair_generic, special_room [special_room_orc]
D:10:     layout_stronghold, evilmike_ruin_ashenzari,
          lemuel_mausoleum_altar_kikubaaqudgha, enter_bailey_3, uniq_grum
D:11:     layout_stronghold, uniq_lodul
D:12:     layout_stronghold, orc_david_3, gammafunk_ghost_necromancy,
          uniq_frances, uniq_josephine, uniq_rupert, uniq_nergalle
D:13:     layout_basic, nicolae_diode_quadrants, uniq_urug
D:14:     layout_gridville, david_vaults_1, minmay_crystal_room, uniq_agnes,
          uniq_nessos
D:15:     gammafunk_depths_entry_grave, layout_loops_corners,
          serial_park_tiny_1, serial_shops, nicolae_shop_statue_plus,
          roderic_serpentine_path, bh_walls_and_bars
Lair:1:   layout_roguey
Lair:2:   layout_misc_corridors, guppyfry_snake_entry_island, basic_altar,
          uniq_gastronok
Lair:3:   layout_big_grid, minmay_swamp_entry_reptiles, gammafunk_ghost_split,
          kilobyte_rumbling_trees
Lair:4:   layout_small_grid
Lair:5:   evil_forest, layout_long_grid, slime_entry_2, enter_volcano_3,
          portal_ice_cave_rime
Swamp:1:  layout_basic_swamp, nicolae_swamp_tree_isthmus, swamp_pool5,
          infiniplex_staircase_pool
Swamp:2:  nicolae_swamp_ascending_descending_big, layout_basic_swamp,
          hangedman_swamp_lotus
Swamp:3:  layout_falls_marsh, serial_swamp_ruin, evilmike_swamp_ruin_house_1,
          evilmike_swamp_ruin_wall
Swamp:4:  swamp_alternative, layout_basic_swamp
Snake:1:  layout_chambers, minmay_shoptagon, uniq_aizul, uniq_asterion
Snake:2:  minmay_snake_river, layout_misc_corridors, lightli_airlock
Snake:3:  layout_grid_maze, nicolae_snake_salamander_fort
Snake:4:  snake_pit, layout_cave_town, uniq_mara
Orc:1:    layout_caves
Orc:2:    st_orc_open, layout_diamond_mine, okawaru_metal_pillars_1_2
Depths:1: layout_cave_pools, enter_ziggurat_b, abyss_entry_glasseish,
          grunt_mini_vestibule, minmay_misc_feat_roman,
          hangedman_decor_slide_cut, pdpol_wu_jian_five_deadly_venoms,
          serial_bayou_shore_a
Depths:2: minmay_bloctagon_deflated, layout_honeycomb, pf_coc_iceberg,
          ebering_ghost_inner_flame, nicolae_ru_sacrificial_ziggurat,
          rand_demon_pan_entry_9, infiniplex_staircase_9_rooms
Depths:3: nicolae_cairo_tiling_very_big, layout_basic, hell_entry, pan_entry,
          abyss_entry, serial_curves, eino_curves_04, eino_curves_03,
          infiniplex_staircase_door_maze, uniq_vv, uniq_boris

Skill      XL: |  1  2  3  4  5  6  7  8  9 10 11 12 13 14 15 16 17 18 19 |
---------------+----------------------------------------------------------+-----
Dodging        | 3 4 5 6 7 |  7.1
Armour         | 1 2 3 4 5 6 7 8 10 12 13 | 13.5
Polearms       | 3 4 5 6 7 8 10 11 12 13 14 | 14.2
Conjurations   | 1 2 3 4 5 6 7 |  7.3
Spellcasting   | 1 2 3 4 5 7 8 |  8.0
Axes           | 1 |  1.7
Ranged Weapons | 1 2 3 4 5 6 8 9 10 11 12 13 | 13.1
Fighting       | 3 4 5 6 7 8 9 10 11 12 | 12.8
Throwing       | 2 3 |  3.6
Fire Magic     | 2 3 4 5 |  5.1
Stealth        | 1 2 4 5 6 7 8 |  8.2
Evocations     | 1 2 5 6 7 |  7.1
Shields        | 1 2 3 4 5 6 7 |  7.3
Invocations    | 3 6 7 8 |  8.2
Short Blades   | 1 |  1.4
Maces & Flails | 2 |  2.6
Long Blades    | 1 7 10 | 10.2
Staves         | 1 |  1.9

Action                   |  1- 3 |  4- 6 |  7- 9 | 10-12 | 13-15 | 16-18 | 19-21 || total
-------------------------+-------+-------+-------+-------+-------+-------+-------++-------
Melee: Trident           |   118 |   113 |   113 |   368 |   677 |   614 |    55 ||  2058
       Punch             |     1 |       |     3 |     9 |     9 |     4 |       ||    26
       Battleaxe         |       |    31 |       |       |       |       |       ||    31
       Falchion          |       |     8 |       |       |       |     9 |       ||    17
       Rapier            |       |       |       |     4 |     9 |    13 |       ||    26
       Dire flail        |       |       |       |       |     2 |       |       ||     2
       Kick              |       |       |       |       |    69 |    29 |       ||    98
       Eveningstar       |       |       |       |       |    18 |     1 |       ||    19
       Lajatang          |       |       |       |       |       |     4 |       ||     4
       Unarmed           |       |       |       |       |       |     1 |       ||     1
       Demon blade       |       |       |       |       |       |   149 |    78 ||   227
       Triple sword      |       |       |       |       |       |       |    29 ||    29
 Fire: Sling             |       |    58 |    30 |    52 |   157 |    46 |    12 ||   355
       Arbalest          |       |       |       |       |    84 |   271 |     3 ||   358
       Longbow           |       |       |       |       |       |    35 |       ||    35
Throw: Javelin           |     1 |       |     1 |     3 |     5 |       |       ||    10
       Dart              |       |       |     2 |       |     1 |     5 |     4 ||    12
       Throwing net      |       |       |     1 |       |     2 |       |       ||     3
       Boomerang         |       |       |     2 |     4 |    11 |    21 |     1 ||    39
 Cast: Foxfire           |     9 |    16 |    57 |    35 |    53 |    43 |     4 ||   217
       Stone Arrow       |       |       |       |       |       |     3 |     3 ||     6
       Flame Wave        |       |       |       |       |       |     3 |       ||     3
Invok: Ancestor Life: Ba |       |       |     1 |       |       |       |       ||     1
       Recall Ancestor   |       |       |     1 |     3 |     5 |     8 |       ||    17
       Idealise          |       |       |       |       |     1 |    10 |     4 ||    15
       Transference      |       |       |       |       |     1 |     1 |     2 ||     4
       Ancestor Identity |       |       |       |       |       |     1 |       ||     1
Evoke: Wand              |       |       |     2 |     2 |     4 |    12 |     2 ||    22
       Phial of floods   |       |       |       |     1 |     2 |     3 |       ||     6
       Piece from Xom's  |       |       |       |       |     2 |     5 |     1 ||     8
       Condenser vane    |       |       |       |       |     2 |     1 |       ||     3
       Tin of tremorston |       |       |       |       |       |       |     1 ||     1
  Use: Scroll            |     5 |    15 |     5 |     8 |    18 |    14 |     4 ||    69
       Potion            |     1 |     4 |     1 |     3 |    15 |    16 |     5 ||    45
 Stab: Distracted        |       |       |     3 |    14 |    23 |    34 |     4 ||    78
       Confused          |       |       |       |     1 |     2 |       |       ||     3
       Held in net/web   |       |       |       |       |     1 |       |       ||     1
       Sleeping          |       |       |       |       |       |     4 |       ||     4
Armor: Leather armour    |     5 |       |       |       |       |       |       ||     5
       Ring mail         |    41 |    75 |    13 |     8 |       |       |       ||   137
       Chain mail        |       |       |       |   131 |   518 |   548 |   158 ||  1355
       Skin              |       |       |       |       |       |     3 |       ||     3
       Fire dragon scale |       |       |       |       |       |    12 |     8 ||    20
Dodge: Dodged            |    65 |    79 |    34 |   160 |   365 |   416 |    86 ||  1205
Block: Other             |       |    25 |    16 |    44 |   142 |   108 |     7 ||   342
       Reflection        |       |       |       |       |       |     2 |       ||     2
       Kite shield       |       |       |       |       |       |   182 |    66 ||   248
